 Dungeon Crawl Stone Soup version 0.30-a0-715-gdb4ae3ece1 (webtiles) character file.

Game seed: 10612473497621459800

5168 purpskrrrp the Skirmisher (level 10, -14/79 HPs)
             Began as a Formicid Hunter on Jan 24, 2023.
             Was an Initiate of Hepliaklqana.
             Demolished by a white ugly thing (18 damage)
             ... on level 9 of the Dungeon.
             The game lasted 00:16:12 (8125 turns).

purpskrrrp the Skirmisher (Formicid Hunter)         Turns: 8125, Time: 00:16:13

Health: -14/79     AC: 20    Str: 15    XL:     10   Next: 90%
Magic:  10/10      EV: 15    Int: 10    God:    Hepliaklqana [......]
Gold:   467        SH:  0    Dex: 21    Spells: 9/9 levels left

rFire   . . .      SeeInvis +    a - +4 shortbow (heavy)
rCold   . . .      Faith    .    (no shield)
rNeg    . . .      Spirit   .    y - +4 plate armour
rPois   .          Reflect  .    (helmet unavailable)
rElec   .          Harm     .    l - scarf {+Inv}
rCorr   .          Rampage  .    p - +0 pair of gloves
Will    +....                    z - +0 pair of boots Stlth
                                 (no amulet)
HPRegen 0.33/turn                d - +5 ring of evasion
MPRegen 0.12/turn                n - +5 ring of evasion

@: no status effects
A: permanent stasis, dig shafts and tunnels, antennae 3, four strong arms
a: Dig, Shaft Self, Renounce Religion, Evoke Invisibility


You were on level 9 of the Dungeon.
You worshipped Hepliaklqana.
Hepliaklqana was noncommittal.
You visited 2 branches of the dungeon, and saw 10 of its levels.

You collected 549 gold pieces.
You spent 82 gold pieces at shops.

Inventory:

Hand Weapons
 a - a +4 heavy shortbow (weapon)
Missiles
 u - 2 throwing nets
Armour
 c - a +0 leather armour
 l - a scarf of invisibility (worn)
 p - a +0 pair of gloves (worn)
 s - a +0 chain mail of willpower
 y - a +4 plate armour (worn)
 z - a +0 pair of boots (worn)
Jewellery
 d - a +5 ring of evasion (left hand)
 i - a ring of fire
 n - a +5 ring of evasion (right hand)
 o - the ring of Umugh {*Corrode +Blink rPois rC+ Will++}
   (You took it off a hobgoblin on level 3 of the Dungeon)

   [ring of protection from cold]

   rC:        It protects you from cold.
   rPois:     It protects you from poison.
   +Blink:    It lets you blink.
   *Corrode:  It may corrode you when you take damage.
   Will:      It greatly increases your willpower.
 t - a +6 ring of strength
 v - a +5 ring of evasion
Wands
 h - a wand of charming (9)
 w - a wand of flame (51)
Scrolls
 b - 4 scrolls of immolation
 x - a scroll of fear
 A - a scroll of brand weapon
 C - a scroll of amnesia
 D - 3 scrolls of fog {unknown}
 F - a scroll of magic mapping
Potions
 e - 3 potions of ambrosia
 f - a potion of cancellation
 g - 2 potions of lignification
 j - 3 potions of degeneration
 k - 3 potions of attraction
 m - a potion of brilliance
 q - a potion of might
 r - 4 potions of curing
 B - a potion of flight {unknown}


   Skills:
 + Level 7.0 Fighting
 * Level 9.6 Ranged Weapons
 * Level 7.6 Armour
 - Level 1.8 Dodging
 + Level 8.1 Stealth
 + Level 6.4 Evocations


You had 9 spell levels left.
You didn't know any spells.
Your spell library contained the following spells:

 Spells                   Type           Power      Damage    Failure   Level
 Magic Dart               Conj           0%         1d3       100%        1
 Call Imp                 Summ           0%         N/A       100%        2
 Lesser Beckoning         Tloc           0%         N/A       100%        2
 Momentum Strike          Conj/Tloc      0%         3d8       100%        2
 Dazzling Flash           Conj/Hex       0%         N/A       100%        3
 Mephitic Cloud           Conj/Pois/Air  0%         N/A       100%        3
 Stone Arrow              Conj/Erth      0%         3d7       100%        3
 Animate Armour           Summ/Erth      0%         N/A       100%        4
 Animate Dead             Necr           0%         N/A       100%        4
 Agony                    Necr           0%         N/A       100%        5
 Silence                  Hex/Air        0%         N/A       100%        5
 Haunt                    Necr/Summ      0%         N/A       100%        7
 Infestation              Necr           0%         N/A       100%        8
 Lehudib's Crystal Spear  Conj/Erth      0%         10d2      100%        8
 Blink                    Tloc           Unusable   N/A       N/A         2

Dungeon Overview and Level Annotations

Branches:
Dungeon (9/15)             Temple (1/1) D:4             Orc (0/2) D:9
   Lair: D:8-11

Altars:
Ashenzari
Cheibriados
Dithmenos
Elyvilon
Fedhas
Gozag
Hepliaklqana
Kikubaaqudgha
Makhleb
Nemelex Xobeh
Okawaru
Qazlal
Ru
Uskayaw
Vehumet
Wu Jian
Xom
Yredelemnul
Zin
The Shining One

Shops:
D:2 (   D:4 **


Innate Abilities, Weirdness & Mutations

You cannot be hasted, slowed, berserked, paralysed or teleported.
You can dig through walls and to a lower floor.
You have a pair of large antennae on your head. (SInv)
Your four strong arms can wield two-handed weapons with a shield.


Message History

You shoot an arrow.
The arrow barely misses the howler monkey.
The white ugly thing punches you but does no damage.
You shoot an arrow. The arrow hits the white ugly thing!!
The white ugly thing is moderately wounded.
The white ugly thing punches you. The white ugly thing freezes you!
The white ugly thing punches you. The white ugly thing freezes you!!
* * * LOW HITPOINT WARNING * * *
You are too injured to fight recklessly!
You are too injured to fight recklessly!
You are too injured to fight recklessly!
You are too injured to fight recklessly!
You are too injured to fight recklessly!
You are too injured to fight recklessly!
You are too injured to fight recklessly!
You are too injured to fight recklessly!
You are too injured to fight recklessly!
You are too injured to fight recklessly!
You are too injured to fight recklessly!
You are too injured to fight recklessly!
You are too injured to fight recklessly!
You are too injured to fight recklessly!
You are too injured to fight recklessly!
You are too injured to fight recklessly!
You are too injured to fight recklessly!
You are too injured to fight recklessly!
You are too injured to fight recklessly!
You are too injured to fight recklessly!
You feel better.
The white ugly thing punches you but does no damage.
You are confused.
You feel invigorated. The white ugly thing punches you!
* * * LOW HITPOINT WARNING * * *
The white ugly thing freezes you!!
* * * LOW HITPOINT WARNING * * *
The howler monkey hoots and howls with incredible vigour!
You feel better.
You feel less invigorated. The white ugly thing punches you!
* * * LOW HITPOINT WARNING * * *
The white ugly thing freezes you!!
You die...

#..........#.#.#
...#...
##.##..........#
#.##...
#.######.###
#.##... #...#
#..[# #.##...
###.# ###.#
#.##... #.#
#.###.##... #.#
#.....†)### #.#
#.......# #@#
#.......# #u#
#.###.###
..$.....h....#.#
#..#
.#.###.#####.#..
..... #.
#.######.# #.
### .8 .. ##


You could see a white ugly thing and a howler monkey (catching breath).

Vanquished Creatures
  A two-headed ogre (D:8)
  Prince Ribbit (D:5)
  3 yaks (D:8)
  A wyvern (D:8)
  Grum (D:9)
  2 steam dragons
  Edmund (D:4)
  A water moccasin (D:9)
  An orc warrior (D:8)
  A sky beast (D:8)
  2 wolves (D:9)
  An ogre (D:5)
  3 centaurs
  4 phantoms
  A kobold brigand (D:7)
  5 bullfrogs
  3 necrophages (D:6)
  6 scorpions
  A wight (D:4)
  10 killer bees (D:8)
  2 electric eels (D:8)
  A howler monkey (D:9)
  3 hounds (D:5)
  2 gnoll boudas (D:7)
  3 iguanas
  5 orc wizards
  15 gnolls
  4 adders
  8 river rats (D:5)
  2 shadow imps (D:6)
  2 white imps (D:6)
  An ufetubus (D:6)
  A dart slug (D:4)
  9 orcs
  6 ball pythons
  2 endoplasms (D:3)
  4 giant cockroaches
  3 goblins
  3 hobgoblins
  6 jackals
  9 kobolds
  4 quokkas
  4 bats
  3 frilled lizards
  15 rats
166 creatures vanquished.

Vanquished Creatures (others)
  An orc wizard (D:8)
1 creature vanquished.

Grand Total: 167 creatures vanquished

Notes
Turn   | Place    | Note
-------+----------+-------------------------------------------
     0 | D:1      | purpskrrrp the Formicid Hunter began the quest for the Orb.
     0 | D:1      | Reached XP level 1. HP: 16/16 MP: 1/1
   480 | D:1      | Reached XP level 2. HP: 23/23 MP: 2/2
  1025 | D:2      | Reached XP level 3. HP: 28/28 MP: 3/3
  1099 | D:2      | Found Cuonynum's Antique Weapon Emporium.
  1437 | D:3      | Identified the ring of Umugh {*Corrode +Blink rPois rC+
                  | Will++}
  1646 | D:3      | Reached XP level 4. HP: 34/34 MP: 4/4
  1762 | D:3      | Reached skill level 1 in Evocations
  2502 | D:4      | Reached skill level 5 in Ranged Weapons
  2502 | D:4      | Reached XP level 5. HP: 41/41 MP: 5/5
  2516 | D:4      | Noticed a phantom
  2519 | D:4      | Reached XP level 6. HP: 47/47 MP: 6/6
  2747 | D:4      | Found Hejeruips's General Store.
  2763 | D:4      | Bought a scroll of enchant weapon for 82 gold pieces
  2797 | D:4      | Found Pobloesh's Elemental Accessories.
  2807 | D:4      | Reached skill level 6 in Ranged Weapons
  2807 | D:4      | Reached XP level 7. HP: 51/54 MP: 7/7
  2817 | D:4      | Noticed Edmund
  2823 | D:4      | Killed Edmund
  2918 | D:4      | Identified the +4 rapier "Esucsaobb" {heavy, Dex+4 Stlth+}
  3078 | D:4      | Found a staircase to the Ecumenical Temple.
  3089 | Temple   | Entered the Ecumenical Temple
  3274 | D:5      | Entered Level 5 of the Dungeon
  3287 | D:5      | Reached skill level 1 in Armour
  3287 | D:5      | Reached XP level 8. HP: 54/61 MP: 8/8
  3401 | D:5      | Reached skill level 5 in Stealth
  3462 | D:5      | Noticed Prince Ribbit
  3467 | D:5      | Killed Prince Ribbit
  3468 | D:5      | Reached skill level 7 in Ranged Weapons
  3586 | D:5      | Reached skill level 5 in Fighting
  4015 | D:6      | Found an iron altar of Okawaru.
  4067 | D:6      | Reached XP level 9. HP: 63/68 MP: 9/9
  4548 | D:6      | Identified the +2 hat of the Monkey {rF+}
  4977 | D:7      | Reached skill level 8 in Ranged Weapons
  5113 | D:7      | Reached skill level 5 in Armour
  5120 | D:7      | Reached skill level 5 in Evocations
  5770 | D:4      | You fall into a shaft and drop 3 floors!
  6028 | D:8      | Reached XP level 10. HP: 67/76 MP: 10/10
  6461 | D:8      | Reached skill level 9 in Ranged Weapons
  7188 | D:8      | Found a blossoming altar of Fedhas.
  7189 | D:8      | Found an ancient bone altar of Kikubaaqudgha.
  7189 | D:8      | Found a shimmering altar of Xom.
  7189 | D:8      | Found a sacrificial altar of Ru.
  7190 | D:8      | Found a hazy altar of Hepliaklqana.
  7190 | D:8      | Found a stormy altar of Qazlal.
  7191 | D:8      | Found an opulent altar of Gozag.
  7191 | D:8      | Found an ornate altar of the Wu Jian Council.
  7191 | D:8      | Found a sparkling altar of Nemelex Xobeh.
  7193 | D:8      | Found a snail-covered altar of Cheibriados.
  7193 | D:8      | Found a glowing golden altar of the Shining One.
  7193 | D:8      | Found a basalt altar of Yredelemnul.
  7193 | D:8      | Noticed a two-headed ogre
  7212 | D:8      | Killed a two-headed ogre
  7346 | D:8      | Became a worshipper of Hepliaklqana the Forgotten
  7947 | D:9      | Noticed Grum
  7952 | D:9      | Killed Grum
  8004 | D:9      | Found a staircase to the Orcish Mines.
  8117 | D:9      | Noticed a white ugly thing
  8124 | D:9      | HP: 3/79 [white ugly thing (18)]
  8125 | D:9      | Demolished by a white ugly thing

Illustrated notes

Levels and vault maps discovered:
D:1:      co_arrival_random_square_maze, layout_basic
D:2:      layout_basic, serial_shops, nicolae_shop_crystal
D:3:      layout_basic
D:4:      layout_rooms, minmay_temple_entry_enclosed_plants, serial_shops,
          nicolae_square_shop, hex_intersection, nicolae_elemental_shop,
          lightli_corner_chamber, uniq_edmund
D:5:      layout_rooms, hangedman_abyss_or_decor_stagger, dk_rats_in_the_wall,
          uniq_prince_ribbit1
D:6:      layout_cave_pods, okawaru_gym_becter, serial_demonic,
          serial_demonic_d, serial_demonic_f, serial_demonic_c, serial_demonic_a
D:7:      layout_gridville, grunt_ministairs_9, grunt_decor_cap
D:8:      layout_loops_ring, nicolae_overflows_in_rows, kennysheep_boxes
D:9:      due_megacathedral, layout_basic,
          nzn_overflow_gifts_of_might_and_magic, uniq_grum
Temple:   hellmonk_temple_beads

Skill      XL: |  1  2  3  4  5  6  7  8  9 10 |
---------------+-------------------------------+-----
Stealth        | 2 3 4 5 6 8 |  8.1
Evocations     | 1 2 3 4 5 6 |  6.4
Fighting       | 3 4 5 6 7 |  7.0
Ranged Weapons | 5 6 7 8 9 |  9.6
Armour         | 1 3 5 7 |  7.6
Dodging        | |  1.8

Action                     |  1- 3 |  4- 6 |  7- 9 | 10-12 || total
---------------------------+-------+-------+-------+-------++-------
   Fire: Shortbow          |    56 |    62 |   209 |   124 ||   451
Ability: Dig               |       |       |     2 |     1 ||     3
    Use: Scroll            |     3 |     6 |     7 |     7 ||    23
         Potion            |       |       |       |     5 ||     5
 Armour: Leather armour    |    10 |     2 |     2 |       ||    14
         Chain mail        |       |       |    63 |       ||    63
         Plate armour      |       |       |    19 |   125 ||   144
  Dodge: Dodged            |    62 |    21 |   258 |   269 ||   610

Table legend: (Time is in decaauts)
 A = Elapsed time spent in this place.
 B = Non-inter-level travel time spent in this place.
 C = Inter-level travel time spent in this place.
 D = Time resting spent in this place.
 E = Time spent auto-exploring this place.
 F = Levels seen in this place.
 G = Mean time per level.
                   A        B        C        D        E       F      G
               +--------+--------+--------+--------+--------+-----+--------+
         Total |   8607 |   7860 |    747 |   1153 |   5277 |  10 |  860.7 |
       Dungeon |   8443 |   7745 |    698 |   1153 |   5182 |   9 |  938.1 |
        Temple |    163 |    114 |     49 |      0 |     95 |   1 |  163.0 |
               +--------+--------+--------+--------+--------+-----+--------+

Top non-repeatable levels by time:
     D:8: 2298 daAuts
     D:3: 1245 daAuts
     D:6: 1008 daAuts
     D:5: 837 daAuts
     D:1: 763 daAuts
     D:4: 744 daAuts
     D:2: 692 daAuts
     D:7: 625 daAuts
     D:9: 228 daAuts
  Temple: 163 daAuts
